 Dungeon Crawl Stone Soup version 0.25-a0-1024-gbfbf38f2cb (webtiles) character file.

Game seed: 9160536491312156386, levelgen mode: deterministic

163 Flugslaktarn the Skirmisher (level 5, -3/57 HPs)
             Began as an Ogre Berserker on May 12, 2020.
             Was a Believer of Trog.
             Slain by Sigmund
             ... wielding a +0 scythe
              (6 damage)
             ... on level 3 of the Dungeon.
             The game lasted 00:01:34 (3150 turns).

Flugslaktarn the Skirmisher (Ogre Berserker)        Turns: 3150, Time: 00:01:35

Health: -3/57      AC:  3    Str: 21    XL:     5   Next: 44%
Magic:  5/5        EV: 11    Int:  8    God:    Trog [**....]
Gold:   100        SH:  0    Dex:  9    Spells: 4/4 levels left

rFire    . . .     SeeInvis .   f - +0 broad axe
rCold    . . .     Gourm    .   (no shield)
rNeg     . . .     Faith    .   b - +0 animal skin
rPois    .         Spirit   .   (helmet restricted)
rElec    .         Reflect  .   (no cloak)
rCorr    .         Harm     .   (gloves unavailable)
MR       .....                  (boots unavailable)
Stlth    +.........             (no amulet)
HPRegen  0.19/turn              (no ring)
MPRegen  0.09/turn              (no ring)

@: mighty, berserk cooldown, slowed, very slow
A: large, unfitting armour, tough skin 1
a: Berserk, Trog's Hand, Renounce Religion


You were on level 3 of the Dungeon.
You worshipped Trog.
Trog was pleased with you.
You were very hungry.

You visited 1 branch of the dungeon, and saw 3 of its levels.

You collected 100 gold pieces.

Inventory:

Hand Weapons
 a - a +0 hand axe
 f - a +0 broad axe (weapon)
   (You found it on level 2 of the Dungeon)
Armour
 b - a +0 animal skin (worn)
Jewellery
 k - a cursed ring of teleportation {unknown}
   (You found it on level 2 of the Dungeon)
Wands
 c - a wand of acid (9)
   (You found it on level 2 of the Dungeon)
Scrolls
 g - a scroll of identify {unknown}
 h - a scroll of fog {unknown}
 i - a scroll of magic mapping {unknown}
 j - a scroll of enchant weapon {unknown}
 x - a scroll of remove curse
Comestibles
 e - 4 rations


   Skills:
 + Level 5.1 Fighting
 * Level 4.7 Axes
 + Level 3.5 Dodging


You had 4 spell levels left.
You didn't know any spells.
Your spell library was empty.

Dungeon Overview and Level Annotations

Branches:
Dungeon (3/15)

Altars:

Annotations:
D:3 Natasha, Sigmund


Innate Abilities, Weirdness & Mutations

You are too large for most types of armour.
You have tough skin. (AC +1)


Message History

Unknown command.
Something hits you.
* * * LOW HITPOINT WARNING * * *
You see here a +0 dagger.
Natasha, Servant of Life and Death comes into view.
Something hits you!
* * * LOW HITPOINT WARNING * * *
You see here a rat skeleton.
Okay, then.
You feel very mighty all of a sudden.
Your skin stops crawling.
You feel less resistant to hostile enchantments.
Natasha hisses angrily.
Something hits you.
* * * LOW HITPOINT WARNING * * *
Unknown command.
Natasha stares at you and mumbles some strange words.
The magic dart hits you.
* * * LOW HITPOINT WARNING * * *
Something hits you.
You die...

### #### .# #.. ..# ##.# #.#
#.####..# #.# #... ...#
######.# #..###..#
#####......# #.#.(.()#
.##..........#####.)..##(.g...
.......)))......÷h)#.....#..##
.............@....#...#..# ##
........<.....####.#.###.#
..............# ###... .#
..............# #####..
.......#.#.#### ##.
.......#.#.# .# ###.####.#.#
#. #.#.# . #..


You could see Natasha.

Vanquished Creatures
  An orc priest (D:3)
  Robin (D:2)
  A howler monkey skeleton (D:2)
  3 adders (D:2)
  2 worms (D:2)
  3 leopard geckos
  5 orcs (D:3)
  11 bats
  2 giant cockroaches
  9 hobgoblins
  9 kobolds
  A quokka (D:2)
  A ball python (D:1)
  11 frilled lizards
  11 goblins
  4 rats
75 creatures vanquished.

Notes
Turn   | Place    | Note
-------+----------+-------------------------------------------
     0 | D:1      | Flugslaktarn the Ogre Berserker began the quest for the
                  | Orb.
     0 | D:1      | Reached XP level 1. HP: 24/24 MP: 1/1
   419 | D:1      | Reached XP level 2. HP: 31/32 MP: 2/2
   734 | D:1      | Reached ** piety under Trog
   734 | D:1      | Reached XP level 3. HP: 39/40 MP: 3/3
  1385 | D:2      | Reached XP level 4. HP: 49/49 MP: 4/4
  2654 | D:2      | Noticed Robin
  2672 | D:2      | Killed Robin
  2684 | D:2      | Reached skill level 5 in Fighting
  2883 | D:2      | Reached XP level 5. HP: 56/57 MP: 5/5
  3120 | D:3      | Noticed Sigmund
  3145 | D:3      | Noticed Natasha
  3150 | D:3      | Slain by Sigmund

Illustrated notes

Levels and vault maps discovered:
D:1:      dpeg_arrival_castle, layout_basic, minmay_stone_trees_small,
          minmay_lizard_pond
D:2:      layout_basic, minmay_pentomino_x4, uniq_robin
D:3:      layout_loops_ring, guppyfry_early_orc_mine, uniq_sigmund,
          uniq_natasha, uniq_jessica

Skill      XL: |  1  2  3  4 |
---------------+-------------+-----
Dodging        | 3 |  3.5
Axes           | 4 |  4.7
Fighting       | 5 |  5.1

Action                   |  1- 3 |  4- 6 || total
-------------------------+-------+-------++-------
Melee: Hand axe          |    91 |    44 ||   135
       Broad axe         |       |    67 ||    67
Invok: Berserk           |     3 |     3 ||     6
       Trog's Hand       |       |     2 ||     2
  Use: Potion            |       |     4 ||     4
       Scroll            |       |     3 ||     3
  Eat: Chunk             |     3 |     6 ||     9
       Ration            |       |     1 ||     1
Armor: Animal skin       |    31 |    35 ||    66
Dodge: Dodged            |    54 |    65 ||   119

Table legend:
 A = Non-vault XP
 B = Vault XP
 C = Vault XP percentage of total XP
 D = Non-vault monster count
 E = Vault monster count
 F = Vault count percentage of total count
                 A         B        C        D         E       F
            +---------+---------+-------+---------+---------+-------
      Total |     169 |      65 |  27.8 |      51 |      24 |  32.0
            +---------+---------+-------+---------+---------+-------
        D:1 |      42 |       9 |  17.6 |      26 |       9 |  25.7
        D:2 |      70 |      44 |  38.6 |      16 |      10 |  38.5
        D:3 |      57 |      12 |  17.4 |       9 |       5 |  35.7
            +---------+---------+-------+---------+---------+-------
